 Dungeon Crawl Stone Soup version 0.31-a0-108-gdf935468f2 (webtiles) character file.

Game seed: 8070715466821461460

594868 hikkokomori the Warrior (level 27, -7/153 HPs)
             Began as a Vine Stalker Fighter on May 26, 2023.
             Was an Elder of Wu Jian.
             Killed from afar by a shard shrike (22 damage)
             ... with a shard of ice
             ... on level 3 of Cocytus on May 27, 2023.
             The game lasted 04:37:46 (49462 turns).

hikkokomori the Warrior (Vine Stalker Fighter)     Turns: 49462, Time: 04:37:49

Health: -7/153     AC: 29    Str: 32    XL:     27
Magic:  0/35       EV: 15    Int: 14    God:    Wu Jian [****..]
Gold:   7163       SH: 18    Dex: 14    Spells: 33/58 levels left

rFire   + . .        C - +9 demon whip (vamp)
rCold   + + +        A - +5 kite shield {reflect}
rNeg    + . .        O - +1 storm dragon scales
rPois   +            G - +2 helmet
rElec   +            X - scarf {repulsion}
rCorr   .            q - +1 pair of gloves of Sieg {rPois rC+++ Dex-2}
SInv    +            t - +2 pair of boots of the Hurricane {Will++ MP-9 SInv Stlth+}
Will    +++++        n - amulet "Xeumpoyz" {Drain rN+ Regen+ Stlth+}
Stlth   +++          f - +4 ring of slaying
HPRegen 2.05/turn    o - ring "Ybyqalor" {Drain Fly rF+ rC+ Str+7}
MPRegen 0.24/turn

%: repel missiles, reflection, guardian spirit
@: exhausted, marked, flying, studying 2 skills, unable to drink
A: fangs 3, regeneration 1, magic shield, antimagic bite, no potion heal 2,
iridescent scales 1, subdued magic 1
}: 4/15 runes: barnacled, slimy, silver, gossamer
a: Renounce Religion, Wall Jump, Serpent's Lash


You were on level 3 of Cocytus.
You worshipped Wu Jian.
Wu Jian was greatly pleased with you.
You visited 12 branches of the dungeon, and saw 52 of its levels.
You visited the Abyss 1 time.
You also visited: Bailey, Gauntlet and Ice Cave.

You collected 8990 gold pieces.
You spent 1827 gold pieces at shops.

Inventory:

Hand Weapons
 g - a +5 eveningstar of flaming
 C - a +9 vampiric demon whip (weapon)
Missiles
 k - 14 silver javelins
 r - 4 curare-tipped darts (quivered)
 v - 20 atropa-tipped darts
 Z - 15 throwing nets
Armour
 q - the +1 pair of gloves of Sieg (worn) {rPois rC+++ Dex-2}
   (You acquired it on level 8 of the Dungeon)

   Dex:       It affects your dexterity (-2).
   rC:        It renders you almost immune to cold.
   rPois:     It protects you from poison.
 t - the +2 pair of boots of the Hurricane (worn) {Will++ MP-9 SInv Stlth+}
   (You acquired it on level 1 of the Depths)

   MP:        It affects your magic capacity (-9).
   SInv:      It lets you see invisible.
   Will:      It greatly increases your willpower.
   Stlth:     It makes you more stealthy.
 A - a +5 kite shield of reflection (worn)
 G - a +2 helmet (worn)
 O - +1 storm dragon scales (worn)
 X - a scarf of repulsion (worn)
Magical Staves
 z - the staff of poison "Avairik" {rElec rPois}
   (You found it on level 4 of the Shoals)

   [staff of poison]

   Base accuracy: +5 Base damage: 5 Base attack delay: 1.2 This weapon's minimum
   attack delay (0.6) is reached at skill level 12.
   rElec:     It insulates you from electricity.
   rPois:     It protects you from poison.
   It falls into the 'Staves' category.
   It is a one-handed weapon.
Jewellery
 c - the ring of the Mage {Wiz Archmagi}
   (You found it in an ice cave)

   [ring of wizardry]

   It improves your spell success rate.
   Archmagi:  It increases the power of your magical spells.
 f - a +4 ring of slaying (left hand)
 n - the amulet "Xeumpoyz" (around neck) {Drain rN+ Regen+ Stlth+}
   (You acquired it on level 8 of the Dungeon)

   [amulet of regeneration]

   rN:        It protects you from negative energy.
   Regen:     It increases your rate of health regeneration.
   Drain:     It drains your maximum health when unequipped.
   Stlth:     It makes you more stealthy.
 o - the ring "Ybyqalor" (right hand) {Drain Fly rF+ rC+ Str+7}
   (You found it on level 5 of the Vaults)

   [ring of flight]

   Str:       It affects your strength (+7).
   rF:        It protects you from fire.
   rC:        It protects you from cold.
   Fly:       It grants you flight.
   Drain:     It drains your maximum health when unequipped.
 u - a +6 ring of strength
 W - the ring of Unoeth {rCorr Int+6}
   (You found it on level 3 of the Elven Halls)

   [ring of intelligence]

   Int:       It affects your intelligence (+6).
   rCorr:     It protects you from acid and corrosion.
Wands
 a - a wand of mindburst (63)
 D - a wand of flame (98)
 E - a wand of digging (8)
 M - a wand of light (33)
 Q - a wand of polymorph (58)
 S - a wand of roots (56)
 V - a wand of paralysis (43)
Scrolls
 e - 10 scrolls of magic mapping
 l - 5 scrolls of fog
 m - 18 scrolls of teleportation
 w - 6 scrolls of poison
 x - 8 scrolls of amnesia
 K - 2 scrolls of silence
 L - 3 scrolls of blinking
 N - 6 scrolls of fear
 P - a scroll of summoning
Potions
 b - 8 potions of brilliance
 d - 9 potions of might
 h - 5 potions of resistance
 j - 9 potions of attraction
 p - 5 potions of ambrosia
 s - 13 potions of curing
 y - 5 potions of berserk rage
 B - 8 potions of magic
 F - 6 potions of mutation
 I - 8 potions of cancellation
 R - 4 potions of enlightenment
 T - 4 potions of invisibility
 U - 9 potions of haste
Miscellaneous
 i - the horn of Geryon
 H - a phial of floods
 Y - a phantom mirror


   Skills:
 - Level 18.6 Fighting
 - Level 16.3 Maces & Flails
 + Level 11.8 Throwing
 + Level 14.3 Armour
 + Level 14.6 Dodging
 - Level 7.2 Stealth
 - Level 15.4 Shields
 + Level 16.3 Spellcasting
 - Level 8.7 Hexes
 - Level 4.2 Translocations
 - Level 11.7 Transmutations
 - Level 5.0 Fire Magic
 - Level 6.6 Air Magic
 - Level 10.4 Poison Magic
 - Level 8.5 Evocations


You had 33 spell levels left.
You knew the following spells:

 Your Spells              Type           Power      Damage    Failure   Level
a - Wereblood             Tmut           34%        N/A       1%          2
b - Mephitic Cloud        Conj/Pois/Air  21%        N/A       4%          3
c - Olgreb's Toxic Radia  Pois           31%        N/A       2%          4
d - Ignite Poison         Fire/Tmut/Pois 28%        N/A       1%          3
e - Yara's Violent Unrav  Hex/Tmut       15%        3d8       8%          5
f - Alistair's Intoxicat  Tmut/Pois      21%        N/A       5%          5
g - Vhi's Electric Charg  Tloc/Air       40%        N/A       5%          3

Your spell library contained the following spells:

 Spells                   Type           Power      Damage    Failure   Level
 Beastly Appendage        Tmut           68%        N/A       1%          1
 Slow                     Hex            100%       N/A       1%          1
 Sting                    Tmut/Pois      100%       1d8       1%          1
 Poisonous Vapours        Pois/Air       54%        N/A       1%          2
 Confusing Touch          Hex            27%        N/A       1%          3
 Spider Form              Tmut/Pois      32%        N/A       1%          3
 Apportation              Tloc           34%        N/A       2%          1
 Cigotuvi's Dreadful Rot  Necr/Pois/Air  42%        N/A       2%          2
 Passwall                 Tmut/Erth      17%        N/A       2%          2
 Scorch                   Fire           38%        2d7       3%          2
 Inner Flame              Hex/Fire       23%        N/A       3%          3
 Swiftness                Air            23%        N/A       3%          3
 Blade Hands              Tmut           17%        N/A       3%          5
 Ensorcelled Hibernation  Hex/Ice        36%        N/A       4%          2
 Foxfire                  Conj/Fire      56%        2x1d6     6%          1
 Volatile Blastmotes      Fire/Tloc      36%        2d13      8%          3
 Summon Guardian Golem    Hex/Summ       18%        N/A       9%          3
 Gell's Gravitas          Tloc           17%        N/A       10%         3
 Teleport Other           Tloc           17%        N/A       10%         3
 Ice Form                 Ice/Tmut       21%        N/A       17%         4
 Petrify                  Tmut/Erth      21%        N/A       17%         4
 Necrotise                Necr           32%        1d5       19%         1
 Call Imp                 Summ           16%        N/A       30%         2
 Anguish                  Hex/Necr       9%         N/A       32%         4
 Fulminant Prism          Conj/Hex       9%         3d7       32%         4
 Leda's Liquefaction      Hex/Erth       9%         N/A       32%         4
 Passage of Golubria      Tloc           17%        N/A       32%         4
 Eringya's Noxious Bog    Tmut/Pois      16%        N/A       32%         6
 Irradiate                Conj/Tmut      10%        3d15      45%         5
 Ozocubu's Armour         Ice            8%         N/A       52%         3
 Stone Arrow              Conj/Erth      16%        3d8       52%         3
 Vampiric Draining        Necr           8%         2d6       52%         3
 Sticky Flame             Conj/Fire      14%        2d4       56%         4
 Iskenderun's Mystic Bla  Conj/Tloc      13%        2d5       63%         4
 Metabolic Englaciation   Hex/Ice        9%         N/A       67%         5
 Summon Mana Viper        Hex/Summ       18%        N/A       67%         5
 Arcjolt                  Conj/Air       7%         1d17      82%         5
 Fireball                 Conj/Fire      7%         3d5       89%         5
 Animate Armour           Summ/Erth      16%        N/A       90%         4
 Dispel Undead            Necr           8%         3d8       90%         4
 Summon Ice Beast         Ice/Summ       8%         N/A       90%         4
 Plasma Beam              Fire/Air       10%        2x1d23    96%         6
 Statue Form              Tmut/Erth      14%        N/A       96%         6
 Agony                    Necr           8%         N/A       99%         5
 Borgnjor's Vile Clutch   Necr/Erth      4%         N/A       99%         5
 Iskenderun's Battlesphe  Conj           8%         2d6       99%         5
 Lee's Rapid Deconstruct  Erth           4%         3d5*      99%         5
 Dispersal                Tloc           8%         N/A       99%         6
 Enfeeble                 Hex            13%        N/A       99%         7
 Conjure Ball Lightning   Conj/Air       7%         3x3d6     100%        6
 Death Channel            Necr           4%         N/A       100%        6
 Leda's Unmaking          Conj/Erth      4%         9d2       100%        6
 Simulacrum               Ice/Necr       4%         N/A       100%        6
 Starburst                Conj/Fire      7%         6d4       100%        6
 Summon Cactus Giant      Summ           4%         N/A       100%        6
 Malign Gateway           Summ/Tloc      6%         N/A       100%        7
 Monstrous Menagerie      Summ           4%         N/A       100%        7
 Ozocubu's Refrigeration  Ice            4%         4d8       100%        7
 Spellforged Servitor     Conj/Summ      4%         N/A       100%        7
 Borgnjor's Revivificati  Necr           4%         N/A       100%        8
 Disjunction              Tloc           8%         N/A       100%        8
 Lehudib's Crystal Spear  Conj/Erth      4%         10d3      100%        8
 Necromutation            Tmut/Necr      10%        N/A       100%        8
 Summon Horrible Things   Summ           4%         N/A       100%        8
 Death's Door             Necr           4%         N/A       100%        9
 Polar Vortex             Ice            4%         N/A       100%        9


Dungeon Overview and Level Annotations

Branches:
Dungeon (15/15)            Temple (1/1) D:4            Lair (5/5) D:9
 Shoals (4/4) Lair:3       Spider (4/4) Lair:3        Slime (5/5) Lair:4
    Orc (2/2) D:9             Elf (3/3) Orc:2        Vaults (5/5) D:14
  Crypt (0/3) Vaults:2     Depths (4/4) D:15           Hell (visited)
    Dis (0/7) Hell            Geh (0/7) Hell            Coc (3/7) Hell
    Tar (0/7) Hell            Zot (0/5) Depths:4     Bailey (visited)
  IceCv (visited)         Gauntlet (visited)

Altars:
Ashenzari
Cheibriados
Dithmenos
Elyvilon
Fedhas
Gozag
Hepliaklqana
Kikubaaqudgha
Makhleb
Nemelex Xobeh
Okawaru
Qazlal
Ru
Sif Muna
Trog
Uskayaw
Vehumet
Wu Jian
Xom
Yredelemnul
Zin
The Shining One
Jiyva

Shops:
D:3 ?:(   D:8 ?   D:10 :   Orc:2 (*?*   Elf:1 !   Elf:2 (   Vaults:1 =
Vaults:3 [   Depths:1 [

Portals:
Hell: Depths:1 Depths:2 Depths:3 Depths:4
Abyss: Depths:3 Depths:4
Pandemonium: Depths:2
Ziggurat: Depths:3
Trove: D:10 (give 7 scrolls of fear)

Annotations:
D:5 1 runed translucent door, Drazool's ghost, novice FoHu
Lair:5 3 runed translucent doors, SecretSquirrel's ghost, journeyman SpHu
Orc:2 3 runed translucent doors, Darkkill's ghost, journeyman MiHu; Lexicon's ghost, journeyman AtFi; particleface's ghost, journeyman VSDe; snackwell's ghost, journeyman MeEE; thug444's ghost, journeyman MiFi


Innate Abilities, Weirdness & Mutations

You have razor-sharp teeth.
Your natural rate of healing is unusually fast.
When hurt, damage is shared between your health and your magic reserves.
Your bite disrupts and absorbs the magic of your enemies.
Potions cannot restore your health.
You are partially covered in iridescent scales. (AC +2)
Your spells are a little easier to cast, but a little less powerful.


Message History

The shard of ice misses you.
The shard of ice hits the shard shrike!!!
The shard shrike partially resists.
You block the shard shrike's attack.
The quicksilver dragon simulacrum bites you!
The quicksilver dragon simulacrum freezes you.
You resist.
The quicksilver dragon simulacrum claws you but does no damage.
The caustic shrike simulacrum claws you!
* * * LOW HITPOINT WARNING * * *
The caustic shrike simulacrum freezes you!
You resist.
* * * LOW HITPOINT WARNING * * *
The shard shrike claws you!
* * * LOW HITPOINT WARNING * * *
The shard shrike freezes you! You resist.
* * * LOW HITPOINT WARNING * * *
You block the shard shrike's attack.
Unknown command.
Blink to where?
Press: ? - help, Dir - move target A stone giant simulacrum comes into view.
As you read the scroll of blinking, it crumbles to dust.
It's too cold; everything's frozen solid!
Blink to where?
Press: ? - help, Dir - move target
As you read the scroll of blinking, it crumbles to dust.
A caustic shrike simulacrum comes into view.
The caustic shrike simulacrum enters a dispersal trap!
The quicksilver dragon simulacrum blinks!
The water elemental blinks!
The shard shrike blinks! x2
The ettin simulacrum blinks!
The shard shrike blinks!
The juggernaut simulacrum blinks!
The elemental wellspring blinks!
The water elemental blinks! x3; You blink.
The caustic shrike simulacrum blinks!
A torrent of water rises up through the elemental wellspring!
Your +5 kite shield of reflection blocks the torrent of water... and reflects it back!
The torrent of water hits the elemental wellspring!
The wave splashes down.
The shard shrike spits a shard of ice at you.
The shard of ice hits you!! You partially resist.
You die...

≈≈≈≈#≈≈≈≈≈Z...≈≈≈≈≈ #
≈≈≈≈≈≈≈.~~§§§≈≈≈≈≈≈ ≈#
≈≈≈≈≈...~~§Z.≈≈## ≈≈≈≈
≈≈≈≈≈≈≈.~~~..E≈≈#####≈≈≈≈
≈≈≈≈≈≈≈≈.~~RZ~E≈≈≈≈Z≈≈≈≈≈
≈≈≈≈bZ≈≈≈~b§§§~≈≈≈≈≈≈≈≈≈≈
≈≈≈≈≈≈≈~E§§≈≈≈..≈E≈≈§≈≈≈≈
#≈≈≈≈≈.~≈≈#≈≈b.§§...≈≈≈≈≈
#≈≈≈≈.≈≈≈≈#≈≈≈§@≈≈≈≈≈≈≈≈≈
#≈≈Z≈≈.≈Z≈≈≈≈§.≈§§≈≈≈≈≈≈≈
#≈≈≈.≈≈≈≈≈§.≈≈≈≈..≈≈≈≈
#≈≈≈^≈≈≈§.≈≈≈≈..§≈≈≈≈
#≈≈§§≈..≈≈≈...≈≈Z≈≈
##≈≈...b≈≈...≈≈≈≈≈≈
#≈≈≈..Z....≈≈≈≈≈≈#
#≈≈≈......≈≈≈≈≈≈≈≈
#≈≈≈≈....≈≈≈≈≈#≈≈≈


You could see 3 shard shrikes, a wendigo (magic disrupted), an elemental
wellspring, 2 water elementals, a quicksilver dragon simulacrum, an ettin
simulacrum, a stone giant simulacrum, 2 caustic shrike simulacra and a
juggernaut simulacrum.

Vanquished Creatures
  the Royal Jelly (Slime:5)
  A dread lich (Vaults:5)
  3 juggernauts
  Parghit (Depths:4)
  12 shard shrikes
  Geryon (Hell)
  5 golden dragons
  Arachne (Spider:4)
  Zenata (Elf:1)
  A hellephant (Hell)
  An iron giant (shapeshifter) (Vaults:3)
  Rupert (D:14)
  A tainted leviathan (Hell)
  7 liches
  11 titans
  4 deep elf blademasters
  3 tentacled monstrosities (Vaults:5)
  A quicksilver dragon (Vaults:5)
  2 deep elf master archers (Elf:3)
  24 acid blobs
  Murray (Depths:2)
  6 sphinxes
  Polyphemus (Shoals:2)
  2 storm dragons (Vaults:5)
  Donald (Shoals:1)
  A kraken (Shoals:4)
  3 shadow dragons
  A draconian monk (Depths:4)
  Ilsuiw (Shoals:2)
  6 azure jellies
  Roxanne (D:14)
  6 narguns
  8 tengu reavers
  A daeva (Depths:2)
  6 frost giants
  12 rockslimes
  A balrug (Depths:2)
  8 fire giants
  5 emperor scorpions (Spider:4)
  8 deep elf sorcerers
  4 ghost moths
  5 iron dragons
  4 shard shrike simulacra
  Louise (Shoals:1)
  4 deep elf elementalists (Elf:3)
  16 vault wardens
  A draconian annihilator (Depths:4)
  A ghoul (Vaults:2)
  15 ironbound preservers
  5 war gargoyles
  A broodmother (Spider:3)
  17 quicksilver oozes
  A spriggan defender (Depths:1)
  2 orc warlords (Depths:3)
  2 quicksilver oozes (shapeshifter)
  Nessos (D:15)
  24 stone giants
  8 reapers (Hell)
  7 ironbound thunderhulks
  2 eleionomae (Shoals:3)
  Azrael (Orc:2)
  2 vampire knights (Depths:1)
  4 elemental wellsprings
  The ghost of Ysasacw the Markskobold, a journeyman KoHu of Hepliaklqana (Elf:2)
  20 very ugly things
  A purple draconian (Depths:4)
  A black draconian (Depths:4)
  7 deep elf annihilators
  A white draconian (Depths:4)
  4 putrid mouths (Hell)
  A minotaur (Gauntlet)
  7 deep elf demonologists
  A bunyip (shapeshifter) (Vaults:4)
  2 yellow draconians (Depths:4)
  14 formless jellyfish
  2 red draconians (Depths:4)
  Snorg (D:14)
  20 dire elephants
  4 wendigos
  A green death (Hell)
  7 spark wasps
  13 ettins
  8 merfolk impalers
  7 fire dragons
  9 deep elf death magi
  6 merfolk javelineers
  An iron golem (Hell)
  3 crystal guardians
  An entropy weaver (shapeshifter) (D:13)
  9 deep elf high priests
  11 great orbs of eyes
  Josephine (D:14)
  7 rakshasas
  12 entropy weavers
  32 vault guards
  12 yaktaur captains
  A kraken zombie (Hell)
  2 spriggan air magi
  5 merfolk avatars (Shoals:4)
  2 caustic shrike simulacra (Coc:1)
  5 hydras
  An ogre mage (Vaults:1)
  The ghost of mandoloar the Frost Mage, a journeyman GnIE of the Shining One (D:10)
  9 ice dragons
  5 peacekeepers
  6 catoblepae
  4 juggernaut simulacra
  4 jorogumos
  17 centaur warriors
  4 two-headed ogres
  An alligator snapping turtle (Shoals:4)
  5 satyrs
  6 merfolk aquamancers
  8 boulder beetles
  6 deep troll shamans
  3 hell hogs (Hell)
  20 dancing weapons
  15 death yaks
  8 ironbound frosthearts
  2 radroaches
  A two-headed ogre (shapeshifter) (Vaults:5)
  A death scarab (Spider:4)
  4 hell knights (Hell)
  7 tengu warriors
  11 deep troll earth magi
  4 spriggan berserkers
  Urug (D:14)
  2 soul eaters (Hell)
  A shock serpent (shapeshifter) (Vaults:5)
  3 orc high priests (Orc:2)
  3 vampire magi
  3 sun demons (Hell)
  15 deep elf knights
  5 iron trolls
  A fire crab (Gauntlet)
  4 skysharks
  13 sea snakes
  A quicksilver dragon simulacrum (Coc:1)
  4 pharaoh ants
  4 glowing orange brains
  46 deep trolls
  2 flayed ghosts
  12 deep elf archers
  17 ironbound convokers
  3 lindwurms
  33 deep elf zephyrmancers
  11 orc knights
  19 orb spiders
  8 steelbarb worms
  6 wizards
  Pikel (D:6)
  17 harpies
  33 deep elf pyromancers
  A spark wasp zombie (Depths:3)
  5 phantasmal warriors
  2 bog bodies (IceCv)
  21 wolf spiders
  A frost giant zombie (Depths:3)
  23 ugly things
  7 necromancers
  7 orc sorcerers
  15 cyclopes
  4 shining eyes
  22 fauns
  29 manticores
  3 black mambas
  Joseph (D:8)
  9 merfolk sirens
  5 moths of wrath
  A fire giant skeleton (Depths:3)
  A titan simulacrum (Coc:1)
  11 cane toads
  2 centaur skeletons (D:15)
  2 ice statues
  3 eyes of devastation (Slime:5)
  4 molten gargoyles (Hell)
  3 gargoyles
  A naga mage (D:15)
  20 vault sentinels
  6 water nymphs
  6 smoke demons
  7 torpor snails
  12 demonic crawlers
  9 freezing wraiths
  A sea snake zombie (Hell)
  5 hellions
  2 kobold demonologists
  23 yaktaurs
  Psyche (D:8)
  12 komodo dragons
  2 anaconda simulacra
  A guardian mummy (D:10)
  2 rime drakes
  A golden dragon simulacrum (Coc:2)
  2 bunyip simulacra (Coc:2)
  3 tengu conjurers
  An efreet (D:15)
  4 ice devils
  2 sea snake skeletons (Hell)
  3 trolls
  14 meliai
  25 merfolk
  8 wind drakes
  2 shadow dragon simulacra (Coc:1)
  17 tarantellas
  7 hornets
  2 wind drakes (shapeshifter)
  A raiju (Gauntlet)
  17 blink frogs
  13 dream sheep
  14 snapping turtles
  An iron dragon simulacrum (Coc:2)
  A centaur simulacrum (Coc:1)
  A flying skull (Vaults:2)
  A stone giant simulacrum (Coc:1)
  93 slime creatures
  2 air elementals
  29 jumping spiders
  6 spriggans
  4 wraiths
  Sigmund (D:3)
  22 culicivoras
  2 wyverns
  An alligator skeleton (Hell)
  40 yaks
  5 dire elephant simulacra
  16 water elementals
  18 humans
  9 fire bats
  6 fire elementals
  A golden eye (shapeshifter) (D:14)
  An alligator snapping turtle simulacrum (Coc:1)
  A sea snake simulacrum (Hell)
  3 steam dragons
  A hog (shapeshifter) (Vaults:5)
  6 basilisks
  60 redbacks
  12 vampire mosquitoes
  3 wargs
  2 acid dragons
  4 harpy simulacra
  5 hell hounds
  14 water moccasins
  A floating eye (shapeshifter) (Depths:4)
  2 ice beasts
  19 orc warriors
  A sky beast (D:7)
  2 ettin simulacra
  4 black bears
  3 elephant zombies (Lair:3)
  9 ogres
  An alligator simulacrum (Hell)
  12 wolves
  18 centaurs
  A phantom (D:4)
  2 lemures (D:6)
  A komodo dragon zombie (Lair:3)
  4 kobold brigands
  11 bullfrogs
  2 gnoll sergeants (D:9)
  2 cane toad simulacra (IceCv)
  An earth elemental (Elf:2)
  4 scorpions
  6 two-headed ogre simulacra (IceCv)
  17 wights
  2 elephant simulacra (IceCv)
  29 killer bees
  A howler monkey (D:11)
  7 electric eels
  3 hounds
  3 lava snakes
  A basilisk zombie (Lair:3)
  4 jellies
  14 orc priests
  A gnoll bouda (D:10)
  Jessica (D:2)
  24 orc wizards
  4 iguanas
  2 polar bear simulacra (IceCv)
  7 troll simulacra (IceCv)
  8 spriggan simulacra
  2 wolf simulacra (IceCv)
  17 gnolls
  6 naga simulacra
  8 adders
  3 white imps (IceCv)
  8 ufetubi
  2 worms
  A dart slug (D:2)
  41 orcs
  5 ball pythons
  5 bats
  7 endoplasms
  5 giant cockroaches
  13 goblins
  5 hobgoblins
  4 jackals (D:3)
  5 quokkas
  18 kobolds
  4 rats
  2 fire vortices (D:9)
  3 tentacles
2149 creatures vanquished.

Vanquished Creatures (others)
  A frost giant (Depths:1)
  A deep elf demonologist (Vaults:5)
  An ice dragon (Depths:4)
  A caustic shrike simulacrum (Coc:2)
  A juggernaut simulacrum (Coc:2)
  A sea snake (Shoals:2)
  A titan simulacrum (Coc:3)
  A snapping turtle (Shoals:4)
  A jumping spider (Vaults:3)
  A dire elephant simulacrum (Coc:3)
  A human (shapeshifter) (Vaults:5)
  An alligator snapping turtle simulacrum (Coc:3)
  2 naga simulacra
  A harpy simulacrum (Coc:3)
  An ettin simulacrum (Coc:3)
  A boggart skeleton (D:15)
  A fire vortex (D:9)
  37 spectral weapons
  8 tentacles
63 creatures vanquished.

Grand Total: 2212 creatures vanquished

Notes
Turn   | Place    | Note
-------+----------+-------------------------------------------
     0 | D:1      | hikkokomori the Vine Stalker Fighter began the quest for
                  | the Orb.
     0 | D:1      | Reached XP level 1. HP: 11/11 MP: 2/2
     2 | D:1      | Noticed a vampire
     2 | D:1      | Noticed a spriggan
     4 | D:1      | Noticed a naga
     6 | D:1      | Noticed an octopode
     6 | D:1      | Noticed a felid
     8 | D:1      | Noticed an ogre
     8 | D:1      | Noticed a human
    10 | D:1      | Noticed a merfolk
    10 | D:1      | Noticed a minotaur
    12 | D:1      | Noticed an elf
    12 | D:1      | Noticed a gargoyle
    14 | D:1      | Noticed an armataur
    14 | D:1      | Noticed a demigod
    16 | D:1      | Noticed a meteoran
    16 | D:1      | Noticed a tengu
    18 | D:1      | Noticed a demonspawn
    20 | D:1      | Noticed a draconian
    20 | D:1      | Noticed a troll
    22 | D:1      | Noticed a ghoul
    24 | D:1      | Noticed a human
    24 | D:1      | Noticed a vine stalker
    26 | D:1      | Noticed an octopode
    26 | D:1      | Noticed a minotaur
   396 | D:1      | Reached XP level 2. HP: 16/16 MP: 3/3
   712 | D:1      | Reached skill level 3 in Fighting
   806 | D:2      | Reached skill level 1 in Stealth
   806 | D:2      | Reached XP level 3. HP: 17/20 MP: 4/4
  1449 | D:2      | Noticed Jessica
  1455 | D:2      | Killed Jessica
  1456 | D:2      | Gained mutation: Your natural rate of healing is unusually
                  | fast. [Vine Stalker growth]
  1456 | D:2      | Reached XP level 4. HP: 24/24 MP: 3/5
  1534 | D:3      | Found Ucaoma's Magic Scroll Shop.
  1588 | D:3      | Noticed Sigmund
  1709 | D:3      | Killed Sigmund
  1710 | D:3      | Reached XP level 5. HP: 29/29 MP: 6/6
  1710 | D:3      | Reached XP level 6. HP: 33/33 MP: 7/7
  1725 | D:3      | Bought a scroll of fear for 40 gold pieces
  1725 | D:3      | Bought a scroll of teleportation for 30 gold pieces
  1751 | D:3      | Found Paitweovu's Book Emporium.
  1771 | D:3      | Found Waem's Weapon Shoppe.
  1989 | D:3      | Identified the +5 falchion of Wyagui {speed, rPois Will-
                  | Str-3 Stlth+}
  2094 | D:3      | Learned a level 2 spell: Wereblood
  2147 | D:4      | Found a staircase to the Ecumenical Temple.
  2155 | Temple   | Entered the Ecumenical Temple
  2217 | Temple   | Became a worshipper of the Wu Jian Council
  2382 | D:4      | Reached skill level 4 in Fighting
  2705 | D:4      | Reached XP level 7. HP: 32/37 MP: 8/8
  3047 | D:5      | Entered Level 5 of the Dungeon
  3184 | D:5      | Reached skill level 5 in Stealth
  3500 | D:5      | Found a runed translucent door.
  3501 | D:5      | Noticed a two-headed ogre
  3501 | D:5      | Noticed Drazool's ghost (novice FoHu)
  3918 | D:6      | Gained mutation: You have razor-sharp teeth. [Vine Stalker
                  | growth]
  3918 | D:6      | Reached XP level 8. HP: 29/42 MP: 9/9
  3954 | D:6      | Reached skill level 1 in Throwing
  4007 | D:5      | Reached skill level 5 in Fighting
  4007 | D:5      | Reached skill level 5 in Shields
  4025 | D:6      | Reached * piety under Wu Jian
  4323 | D:6      | Reached skill level 5 in Maces & Flails
  4549 | D:6      | Noticed Pikel
  4558 | D:6      | Reached XP level 9. HP: 47/47 MP: 10/10
  4574 | D:6      | Killed Pikel
  5070 | D:7      | Reached skill level 6 in Fighting
  5115 | D:7      | Found a flagged portal.
  5152 | Bailey   | Entered a bailey
  5187 | Bailey   | Reached skill level 1 in Spellcasting
  5187 | Bailey   | Reached skill level 1 in Transmutations
  5201 | Bailey   | HP: 2/48 [human/+2 heavy hand axe (7)]
  5202 | Bailey   | Reached ** piety under Wu Jian
  5205 | Bailey   | Gained mutation: You are partially covered in iridescent
                  | scales. (AC +2) [potion of mutation]
  5523 | D:7      | Reached XP level 10. HP: 49/53 MP: 12/14
  6208 | D:8      | Noticed Psyche
  6210 | D:8      | Killed Psyche
  6317 | D:8      | Identified 3 scrolls of acquirement
  6355 | D:8      | Identified the ring "Gunutudd" {rPois Will+}
  6376 | D:8      | Acquired 876 gold pieces
  6379 | D:8      | Acquired the amulet "Xeumpoyz" {Drain rN+ Regen+ Stlth+}
  6388 | D:8      | Acquired the +1 pair of gloves of Sieg {rPois rC+++ Dex-2}
  6666 | D:8      | Noticed Joseph
  6868 | D:8      | Killed Joseph
  6869 | D:8      | Reached skill level 7 in Fighting
  6869 | D:8      | Reached skill level 1 in Dodging
  7132 | D:8      | Found Zesargha's Magic Scroll Emporium.
  7136 | D:8      | Bought a scroll of fog for 48 gold pieces
  7136 | D:8      | Bought a scroll of blinking for 90 gold pieces
  7136 | D:8      | Bought a scroll of enchant weapon for 90 gold pieces
  7465 | D:3      | Bought the Disquisition on the Black Widow for 264 gold
                  | pieces
  7465 | D:3      | Bought a Young Poisoner's Handbook for 240 gold pieces
  7469 | D:3      | Learned a level 3 spell: Mephitic Cloud
  7474 | D:3      | Learned a level 4 spell: Olgreb's Toxic Radiance
  7478 | D:3      | Learned a level 3 spell: Ignite Poison
  7779 | D:9      | Reached skill level 1 in Poison Magic
  7816 | D:9      | Found a staircase to the Orcish Mines.
  7892 | D:9      | Reached *** piety under Wu Jian
  8017 | D:9      | Identified the +7 chain mail "Epnian" {SInv}
  8043 | D:9      | Reached XP level 11. HP: 58/58 MP: 18/18
  8218 | D:9      | Found a staircase to the Lair.
  8302 | D:9      | Reached skill level 5 in Transmutations
  8310 | D:9      | Reached skill level 5 in Spellcasting
  8553 | D:9      | Reached skill level 1 in Fire Magic
  8663 | Lair:1   | Entered Level 1 of the Lair of Beasts
  8755 | Lair:1   | Reached skill level 8 in Fighting
  9044 | Lair:1   | Reached **** piety under Wu Jian
  9715 | Lair:1   | Reached XP level 12. HP: 54/65 MP: 17/22
  9959 | Lair:2   | Reached skill level 5 in Poison Magic
 10008 | Lair:2   | Noticed a death yak
 10033 | Lair:2   | Killed a death yak
 10152 | Lair:2   | Identified the +3 shortbow "Aheif Gos" {elec, Will+ Str+3
                  | Dex+4}
 10207 | Lair:2   | Found a frozen archway.
 10221 | IceCv    | Entered an ice cave
 10801 | IceCv    | Reached skill level 9 in Fighting
 10825 | IceCv    | Reached skill level 1 in Air Magic
 10825 | IceCv    | Reached ***** piety under Wu Jian
 10886 | IceCv    | Found the ring of the Mage {Wiz Archmagi}
 11134 | IceCv    | Reached XP level 13. HP: 70/70 MP: 24/24
 11968 | Lair:3   | Found a gate leading to a gauntlet.
 12061 | Gauntlet | Entered a Gauntlet
 12061 | Gauntlet | Found a transporter.
 12061 | Gauntlet | Found a transporter.
 12070 | Gauntlet | Found a transporter.
 12070 | Gauntlet | Found a transporter.
 12096 | Gauntlet | Found a transporter.
 12119 | Gauntlet | Found a transporter.
 12119 | Gauntlet | Found a transporter.
 12121 | Gauntlet | Found a transporter.
 12122 | Gauntlet | Noticed a cacodemon
 12133 | Gauntlet | Found a runed translucent gate.
 12133 | Gauntlet | Found a runed translucent gate.
 12133 | Gauntlet | Found a runed translucent gate.
 12136 | Gauntlet | Found a transporter.
 12154 | Gauntlet | Found a transporter.
 12163 | Gauntlet | Found a runed translucent door.
 12165 | Gauntlet | Found a transporter.
 12167 | Gauntlet | Found a runed translucent door.
 12180 | Gauntlet | Found a transporter.
 12205 | Gauntlet | Found a transporter.
 12225 | Gauntlet | Found a transporter.
 12284 | Gauntlet | Reached XP level 14. HP: 73/75 MP: 26/26
 12343 | Gauntlet | Identified the ring "Pefir" {Fire rElec Dex+4}
 12384 | Gauntlet | Reached skill level 1 in Evocations
 12607 | Gauntlet | Got Alistair's Spellbook of Changing Impurities
 12614 | Gauntlet | Identified the +7 arbalest "Hoiw" {heavy, *Corrode rPois
                  | Int+3}
 12619 | Gauntlet | Identified the +4 ring mail of Askery {rPois}
 12619 | Gauntlet | Identified the +4 war axe of Qyhatucu {freeze, rElec rCorr
                  | Int+2 Dex-5}
 12693 | Lair:3   | Found a hole to the Spider Nest.
 12905 | Lair:3   | Reached skill level 5 in Fire Magic
 12911 | Lair:3   | Learned a level 5 spell: Yara's Violent Unravelling
 13153 | Lair:3   | Found a staircase to the Shoals.
 13602 | Lair:4   | Reached skill level 1 in Hexes
 13653 | Lair:4   | Got the Lessons on Nightshade
 13687 | Lair:4   | Found a staircase to the Slime Pits.
 13688 | Lair:4   | Found a viscous altar of Jiyva.
 14509 | Lair:5   | Entered Level 5 of the Lair of Beasts
 14570 | Lair:5   | Identified the +0 robe "Toulot" {rF- rN++ Dex+2}
 14583 | Lair:5   | Reached skill level 10 in Fighting
 14937 | Lair:5   | Found a runed translucent gate.
 14937 | Lair:5   | Found a runed translucent gate.
 14937 | Lair:5   | Found a runed translucent gate.
 14937 | Lair:5   | Noticed SecretSquirrel's ghost (journeyman SpHu)
 15152 | Lair:5   | Reached skill level 10 in Maces & Flails
 15358 | Lair:5   | Reached XP level 15. HP: 67/81 MP: 28/28
 15661 | Orc:1    | Entered Level 1 of the Orcish Mines
 15829 | Orc:2    | Entered Level 2 of the Orcish Mines
 15839 | Orc:2    | Noticed Azrael
 15847 | Orc:2    | Killed Azrael
 15875 | Orc:2    | Found a runed translucent gate.
 15875 | Orc:2    | Found a runed translucent gate.
 15875 | Orc:2    | Found a runed translucent gate.
 15878 | Orc:2    | Noticed Lexicon's ghost (journeyman AtFi)
 15878 | Orc:2    | Noticed snackwell's ghost (journeyman MeEE)
 15880 | Orc:2    | Noticed thug444's ghost (journeyman MiFi)
 15880 | Orc:2    | Noticed Darkkill's ghost (journeyman MiHu)
 15881 | Orc:2    | Noticed particleface's ghost (journeyman VSDe)
 16147 | Orc:2    | Found a staircase to the Elven Halls.
 16323 | Orc:2    | HP: 1/81 [ettin/+0 dire flail (15)]
 16594 | Orc:2    | Found Qywuer's Assorted Antiques.
 16899 | Orc:2    | Reached skill level 5 in Hexes
 16961 | Orc:2    | Reached skill level 5 in Evocations
 17085 | Orc:2    | Found Upeqorr's Magic Scroll Shop.
 17180 | Orc:2    | Found Coyt's General Store.
 17182 | Orc:2    | Found Arucien's Weapon Shoppe.
 17188 | Orc:2    | Bought a potion of enlightenment for 70 gold pieces
 17632 | Spider:1 | Entered Level 1 of the Spider Nest
 18467 | Spider:1 | Reached skill level 11 in Fighting
 19260 | D:10     | Entered Level 10 of the Dungeon
 19370 | D:10     | Found Plog's Book Emporium.
 19447 | D:10     | Found a runed translucent door.
 19451 | D:10     | Noticed mandoloar's ghost (journeyman GnIE)
 19454 | D:10     | Identified the +5 spear of Tiniw {freeze, Dex+3}
 19556 | D:10     | Found a large runed translucent door.
 19557 | D:10     | Found a large runed translucent door.
 19826 | D:10     | Found a portal to a secret trove of treasure.
 19928 | D:10     | Killed mandoloar's ghost
 20028 | D:10     | Found a burning altar of Makhleb.
 20036 | D:10     | Found a glowing golden altar of the Shining One.
 20212 | D:11     | Reached skill level 10 in Poison Magic
 20278 | D:11     | Identified the +0 quarterstaff "Tyokoor" {antimagic, Int+2}
 20651 | D:12     | Found a sacrificial altar of Ru.
 20689 | D:12     | Reached XP level 16. HP: 87/87 MP: 26/29
 21680 | D:13     | Reached skill level 5 in Dodging
 22035 | D:14     | Noticed Urug
 22035 | D:14     | Noticed Rupert
 22035 | D:14     | Found a gate to the Vaults.
 22042 | D:14     | Killed Rupert
 22042 | D:14     | Killed Urug
 22138 | D:14     | Noticed Josephine
 22144 | D:14     | Killed Josephine
 22285 | D:14     | Noticed Snorg
 22293 | D:14     | Killed Snorg
 22355 | D:14     | Reached skill level 10 in Spellcasting
 22355 | D:14     | Reached XP level 17. HP: 93/93 MP: 22/32
 22373 | D:14     | Acquired Great Wizards, Vol. II
 22623 | D:14     | Identified Roxanne's Information on the Gestalt
 22623 | D:14     | Noticed Roxanne
 22671 | D:14     | Killed Roxanne
 22686 | D:15     | Entered Level 15 of the Dungeon
 22977 | D:15     | Reached skill level 12 in Fighting
 23165 | D:15     | Noticed Nessos
 23171 | D:15     | Killed Nessos
 23327 | D:15     | Found a staircase to the Depths.
 23681 | Depths:1 | Entered Level 1 of the Depths
 23717 | Depths:1 | Noticed a juggernaut
 24021 | Orc:2    | Bought a bloodstained ring mail for 333 gold pieces
 24021 | Orc:2    | Identified the +1 ring mail "Eniovol" {Str+3 Int+2} (You
                  | bought it in a shop on level 2 of the Orcish Mines)
 24023 | Orc:2    | Bought a scroll of silence for 133 gold pieces
 24064 | Elf:1    | Entered Level 1 of the Elven Halls
 24118 | Elf:1    | Noticed Zenata
 24132 | Elf:1    | Killed Zenata
 24156 | Elf:1    | Reached XP level 18. HP: 67/98 MP: 22/33
 24160 | Elf:1    | Reached skill level 10 in Transmutations
 24230 | Elf:1    | Got the Guidebook on Injury
 24315 | Elf:1    | Found Unnintus's Distillery.
 24318 | Elf:1    | Bought a potion of haste for 130 gold pieces
 24318 | Elf:1    | Bought a potion of invisibility for 104 gold pieces
 25094 | Elf:2    | Found a runed translucent gate.
 25137 | Elf:2    | Found Qemehag's Antique Weapon Emporium.
 25175 | Elf:2    | Found a huge runed translucent gate.
 25176 | Elf:2    | Found a huge runed translucent gate.
 25177 | Elf:2    | Found a huge runed translucent gate.
 25184 | Elf:2    | Found a huge runed translucent gate.
 25184 | Elf:2    | Found a huge runed translucent gate.
 25227 | Elf:2    | Found a runed translucent gate.
 25227 | Elf:2    | Found a runed translucent gate.
 25227 | Elf:2    | Noticed Ysasacw's ghost (journeyman KoHu)
 25451 | Elf:2    | Identified the +1 rapier of Objectivity {freeze, Str-4
                  | Int+7}
 26138 | Elf:2    | Noticed a deep elf blademaster
 26151 | Elf:2    | Killed a deep elf blademaster
 26551 | Elf:2    | Killed Ysasacw's ghost
 26592 | Elf:3    | Entered Level 3 of the Elven Halls
 26613 | Elf:3    | Noticed a deep elf blademaster
 26620 | Elf:3    | Reached skill level 13 in Fighting
 26623 | Elf:3    | Killed a deep elf blademaster
 26628 | Elf:3    | Noticed a deep elf master archer
 26629 | Elf:3    | Noticed a deep elf blademaster
 26632 | Elf:3    | Reached XP level 19. HP: 72/104 MP: 36/36
 26747 | Elf:3    | Identified the +5 great mace "Starlight" {venom, rC+ MP+9
                  | Dex-5}
 26753 | Elf:3    | Identified the amulet "Ytewan" {Acrobat rN+}
 26792 | Elf:3    | Identified the +4 dire flail of Kuhuhen {protect, Fly Str+4
                  | Int+3 SInv}
 26800 | Elf:3    | Identified the +0 robe of the Eight Boll Weevils {rElec}
 26805 | Elf:3    | Identified the staff of poison "Qoboudyvi" {rElec rPois
                  | Stlth+}
 26809 | Elf:3    | Identified the +3 mace "Wocs" {heavy, rPois Dex+2}
 26819 | Elf:3    | Identified the ring of Unoeth {rCorr Int+6}
 26840 | Elf:3    | Identified the +9 mace "Hiheogoa" {pain, *Rage rElec rC+
                  | Will+}
 26846 | Elf:3    | Got the Textbook on Exothermic Permutations
 26918 | Elf:3    | Identified the +9 spear "Taruosmion" {protect, rElec}
 26972 | Elf:3    | Got the Handbook of Transition and the Swarm
 27130 | Elf:3    | Paralysed by an air elemental for 1 turns
 27134 | Elf:3    | Paralysed by an air elemental for 1 turns
 27322 | Elf:3    | Identified the +2 falchion "Vaac" {holy, *Corrode Str+3}
 27988 | Shoals:1 | Entered Level 1 of the Shoals
 27998 | Shoals:1 | Reached skill level 10 in Shields
 28033 | Shoals:1 | Noticed Donald
 28040 | Shoals:1 | Killed Donald
 28514 | Shoals:1 | Noticed Louise
 28521 | Shoals:1 | Killed Louise
 29175 | Shoals:2 | Upgraded the game from 0.31-a0-95-g6fa058ef04 to
                  | 0.31-a0-102-g33a4ccc0cb
 29253 | Shoals:2 | Noticed Ilsuiw
 29273 | Shoals:2 | Killed Ilsuiw
 29503 | Shoals:2 | Noticed Polyphemus
 29507 | Shoals:2 | Reached skill level 14 in Fighting
 29534 | Shoals:2 | Killed Polyphemus
 29823 | Shoals:3 | Reached XP level 20. HP: 111/111 MP: 38/38
 30499 | Shoals:3 | Reached skill level 5 in Armour
 30557 | Shoals:3 | Got Qoneja's Spellbook of the Wyrd
 30757 | Shoals:4 | Entered Level 4 of the Shoals
 30814 | Shoals:4 | Got Kuivin's Quarto of Amassed Hexing
 31055 | Shoals:4 | Identified the staff of poison "Avairik" {rElec rPois}
 31327 | Shoals:4 | Got a barnacled rune of Zot
 31813 | Shoals:4 | Identified the +8 rapier "Feci" {freeze, rElec}
 34057 | Spider:3 | Reached XP level 21. HP: 112/116 MP: 11/39
 34131 | Spider:3 | Gained mutation: Your spells are a little easier to cast,
                  | but a little less powerful. [mutagenic glow]
 34411 | Spider:3 | Reached skill level 15 in Fighting
 34663 | Spider:4 | Entered Level 4 of the Spider Nest
 34673 | Spider:4 | Reached ****** piety under Wu Jian
 35045 | Spider:4 | Noticed Arachne
 35096 | Spider:4 | Killed Arachne
 35415 | Spider:4 | Got a gossamer rune of Zot
 36038 | Vaults:1 | Entered Level 1 of the Vaults
 36045 | Vaults:1 | Learned a level 5 spell: Alistair's Intoxication
 36740 | Vaults:1 | Identified the +1 short sword of the Crushed Spirits
                  | {freeze, rPois Str+2}
 37133 | Vaults:1 | Found Garyuj's Jewellery Shop.
 37340 | Vaults:1 | Reached XP level 22. HP: 108/123 MP: 40/40
 37437 | Vaults:1 | Identified the +7 battleaxe of Hodd {spect, Int+5}
 38051 | Vaults:2 | Reached skill level 16 in Fighting
 38595 | Vaults:2 | Found a staircase to the Crypt.
 39431 | Vaults:3 | Found Moraiquni's Armour Boutique.
 39509 | Vaults:3 | Noticed a golden dragon
 39521 | Vaults:3 | Killed a golden dragon
 40071 | Vaults:4 | Reached skill level 10 in Dodging
 40079 | Vaults:4 | Reached XP level 23. HP: 56/129 MP: 41/41
 40336 | Vaults:4 | Reached skill level 15 in Maces & Flails
 40877 | Vaults:5 | Entered Level 5 of the Vaults
 40877 | Vaults:5 | Noticed a dread lich
 40908 | Vaults:5 | Noticed a golden dragon
 40910 | Vaults:5 | Reached skill level 10 in Armour
 40914 | Vaults:5 | Killed a dread lich
 40916 | Vaults:5 | Killed a golden dragon
 40956 | Vaults:5 | Reached skill level 17 in Fighting
 41016 | Vaults:5 | Identified the +1 mace of Eternal Night {protect, Fly rC-
                  | Stlth+}
 41024 | Vaults:5 | Reached XP level 24. HP: 111/136 MP: 38/41
 41025 | Abyss:2  | Found a corrupted altar of Lugonu.
 41025 | Abyss:2  | Cast into level 2 of the Abyss (a deep elf sorcerer)
 41030 | Vaults:5 | Escaped the Abyss
 41179 | Vaults:5 | Identified the +0 plate armour of Damo {rC+++}
 41267 | Vaults:5 | Identified the ring "Ybyqalor" {Drain Fly rF+ rC+ Str+7}
 41275 | Vaults:5 | Identified the ring "Urgherr" {Fly Will- Str+2 Int+6 SInv}
 41328 | Vaults:5 | Identified the staff of earth "Hisail" {+Blink rElec}
 41401 | Vaults:5 | Got Ukeetzoa's Elucidation of the Cursed Jaunt
 41530 | Vaults:5 | Identified the staff of conjuration "Vyvuas" {Drain rN+
                  | Int+4 Dex+3}
 41612 | Vaults:5 | Learned a level 3 spell: Vhi's Electric Charge
 41622 | Vaults:5 | Reached skill level 15 in Shields
 41677 | Vaults:5 | Identified the +0 ring mail "Hanaen" {+Blink}
 41733 | Vaults:5 | Identified the ring of Imiekant {rPois rC+ rN+ SInv Stlth+}
 41735 | Vaults:5 | Got a silver rune of Zot
 42013 | Vaults:5 | Reached skill level 1 in Translocations
 42571 | Slime:1  | Entered Level 1 of the Pits of Slime
 42575 | Slime:1  | Reached skill level 5 in Air Magic
 42861 | Depths:1 | Killed a juggernaut
 42928 | Depths:1 | Noticed a juggernaut
 42934 | Depths:1 | Killed a juggernaut
 43064 | Depths:1 | Acquired the +2 pair of boots of the Hurricane {Will++ MP-9
                  | SInv Stlth+}
 43194 | Depths:1 | Found a gateway to Hell.
 43234 | Depths:1 | Found Viphyx's Antique Armour Shop.
 43242 | Depths:1 | Bought a runed helmet for 255 gold pieces
 43600 | Depths:1 | Found an iron altar of Okawaru.
 43778 | Depths:2 | Found a radiant altar of Vehumet.
 43818 | Depths:2 | Reached XP level 25. HP: 142/142 MP: 33/42
 43851 | Depths:2 | Found a one-way gate leading to the halls of Pandemonium.
 44197 | Depths:2 | Found a glowing golden altar of the Shining One.
 44286 | Depths:2 | Identified the orb "Yleat" {*Rage, Harm Dex+3}
 44361 | Hell     | Entered the Vestibule of Hell
 44363 | Hell     | Noticed Murray
 44371 | Hell     | Noticed Geryon
 44384 | Depths:2 | Killed Murray
 44445 | Hell     | Reached skill level 18 in Fighting
 44456 | Hell     | Killed Geryon
 44469 | Hell     | Found a gateway to the ashen valley of Gehenna.
 44547 | Hell     | Found a gateway to the freezing wastes of Cocytus.
 44581 | Hell     | Found a gateway to the Iron City of Dis.
 44850 | Hell     | Found a gateway to the decaying netherworld of Tartarus.
 44941 | Hell     | Upgraded the game from 0.31-a0-102-g33a4ccc0cb to
                  | 0.31-a0-108-gdf935468f2
 45477 | Depths:3 | Found a one-way gateway to a ziggurat.
 45593 | Depths:3 | Found a bloodstained altar of Trog.
 45920 | Depths:3 | Found a one-way gate to the infinite horrors of the Abyss.
 45920 | Depths:3 | Found an iron altar of Okawaru.
 46052 | Depths:3 | Identified the +5 scale mail "Bekhiq" {Str+5}
 46069 | Depths:3 | Identified the +3 shortbow of Untruth {drain, Str+5}
 46248 | Depths:3 | Identified the +9 whip "Olojoy" {flame, rPois rC- Dex+6
                  | Stlth+}
 46313 | Depths:4 | Entered Level 4 of the Depths
 46341 | Depths:4 | Reached skill level 5 in Throwing
 46346 | Depths:4 | Noticed Parghit
 46366 | Depths:4 | Noticed a juggernaut
 46383 | Depths:4 | Killed a juggernaut
 46404 | Depths:4 | Reached XP level 26. HP: 149/149 MP: 33/42
 46421 | Depths:4 | Killed Parghit
 46440 | Depths:4 | Found a gate to the Realm of Zot.
 46979 | Depths:4 | Identified the +2 pair of gloves of Indecent Exposure
                  | {Str+2 Int+6}
 47719 | Slime:5  | Entered Level 5 of the Pits of Slime
 47752 | Slime:5  | Reached skill level 15 in Spellcasting
 47761 | Slime:5  | Noticed the Royal Jelly
 47823 | Slime:5  | Killed the Royal Jelly
 47922 | Slime:5  | Paralysed by a formless jellyfish for 1 turns
 47959 | Slime:5  | Identified the staff of poison "Viqunk" {rPois rC+}
 48056 | Slime:5  | Identified the +5 demon blade "Cookie Cutter" {freeze, rN++
                  | Will-}
 48066 | Slime:5  | Got a slimy rune of Zot
 48073 | Slime:5  | Identified the ring of Apnighutz {Wiz rF- Dex+5}
 48531 | Slime:1  | Reached skill level 10 in Throwing
 48972 | Coc:1    | Entered Level 1 of Cocytus
 48983 | Coc:1    | Noticed a shard shrike
 48983 | Coc:1    | Noticed a shard shrike
 48983 | Coc:1    | Noticed a shard shrike
 48984 | Coc:1    | Noticed a shard shrike
 48989 | Coc:1    | Killed a shard shrike
 48989 | Coc:1    | Killed a shard shrike
 48989 | Coc:1    | Killed a shard shrike
 48998 | Coc:1    | Killed a shard shrike
 49012 | Coc:1    | Paralysed by a wendigo for 1 turns
 49187 | Coc:2    | Noticed a shard shrike
 49187 | Coc:2    | Noticed a shard shrike
 49188 | Coc:2    | Noticed a shard shrike
 49188 | Coc:2    | Noticed a shard shrike
 49195 | Coc:2    | Killed a shard shrike
 49196 | Coc:2    | Killed a shard shrike
 49203 | Coc:2    | Killed a shard shrike
 49210 | Coc:2    | Killed a shard shrike
 49252 | Coc:2    | Reached XP level 27. HP: 152/153 MP: 35/44
 49254 | Coc:2    | Paralysed by a wendigo for 1 turns
 49453 | Coc:3    | Paralysed by a wendigo for 1 turns
 49462 | Coc:3    | Killed from afar by a shard shrike

Illustrated notes

Levels and vault maps discovered:
D:1:      kb_arrival_jail, layout_basic, nicolae_wormholes
D:2:      cheibrodos_helix_gallery, layout_basic, uniq_jessica
D:3:      layout_basic, hellmonk_ecumenical_altar_pennies_from_heaven,
          serial_shops, shop_statue, shop, shop, amethyst_killhole,
          kennysheep_generic_room_6, uniq_grinder, uniq_sigmund
D:4:      layout_basic, minmay_temple_entry_mini_moons
D:5:      layout_basic, ebering_ghost_inner_flame
D:6:      layout_basic, kennysheep_small_spiral, uniq_pikel
D:7:      layout_basic, enter_bailey_5
D:8:      layout_cave_pods, serial_shops, nicolae_shop_back_alley_shop,
          uniq_joseph, uniq_prince_ribbit1, uniq_psyche
D:9:      layout_basic, lair_entry_dummy, orc_0_dummy, hangedman_incinerator
D:10:     layout_big_octagon, jmf_multi_god_temple2, serial_shops, shop,
          nicolae_trove_entry_path_of_doom, ebering_ghost_funeral_grove,
          minmay_crystal_water, minivault_20, kennysheep_nondescript,
          nzn_sisyphean_effort
D:11:     layout_roguey, lemuel_old_faithful
D:12:     layout_irregular_city, nicolae_ru_awakened_eye
D:13:     layout_cave_pools, argonaut_gorgonesque
D:14:     layout_rooms, david_vaults_3, infiniplex_staircase_pool_2, uniq_snorg,
          uniq_roxanne, uniq_josephine
D:15:     grunt_enter_depths_magical_seal, layout_loops_cross,
          nicolae_concentric_dashed_squares_wild,
          chequers_serial_rivers_large_a, uniq_nessos
Temple:   nicolae_temple_slightly_damp_pantheon
Lair:1:   layout_cave_pods, serial_bayou_shore_a
Lair:2:   layout_regular_city, serial_rivers, chequers_serial_rivers_micro_c,
          chequers_serial_rivers_small_a, chequers_serial_rivers_room_a,
          chequers_serial_rivers_room_b, chequers_serial_rivers_marsh,
          chequers_serial_rivers_room_b, portal_ice_cave_demonic_guard,
          beast_lair_carwin_6
Lair:3:   pond_and_an_island_with_a_cottage, layout_gridlike,
          elwin_shoals_entry_rooms, nicolae_spider_entry_non_spiders,
          gauntlet_entry_generic, beast_lair_carwin_10, lemuel_fruit_tree
Lair:4:   layout_regular_city, minmay_slime_entry_pillars
Lair:5:   evilmike_catoblepas_cave, layout_small_grid, ebering_ghost_rock_garden
Shoals:1: layout_shoals, overgrown_tower, hangedman_shoals_cup_caves,
          uniq_louise, uniq_donald
Shoals:2: layout_shoals, uniq_polyphemus, uniq_ilsuiw
Shoals:3: cheibrodos_shoals_satyrical_garden, layout_shoals,
          nicolae_shoals_enchanted_isle
Shoals:4: shoals_end_hangedman, layout_shoals, shoals_ilsuiw_ice
Spider:1: layout_cave_pods, hangedman_spider_trapstep
Spider:2: layout_cave_pods
Spider:3: layout_spider_delve
Spider:4: grunt_spider_rune_island, drop_trap, nicolae_orb_stairs, uniq_arachne
Slime:1:  layout_caves
Slime:2:  layout_caves, special_room [special_room_jelly],
          cheibrodos_slime_lost_civilization_5
Slime:3:  layout_caves, cheibrodos_slime_lost_civilization_7
Slime:4:  layout_caves, cheibrodos_slime_lost_civilization_6
Slime:5
Orc:1:    layout_caves
Orc:2:    st_orc_elflike, layout_diamond_mine, gammafunk_ghost_cemetery,
          basic_altar, uniq_azrael
Elf:1:    eino_elf_arrival_the_gate, layout_onion_city, serial_shops,
          nicolae_shop_window_shopping, minmay_elf_annihilation,
          nicolae_elf_glass_and_crystal_pillar_2, uniq_zenata
Elf:2:    elven_hall_of_blades_hangedman_alternative [grunt_blade_entry_basic],
          layout_rooms, serial_shops, shop, gammafunk_ghost_split
Elf:3:    elf_hall, layout_onion_city, hangedman_elf_represent
Vaults:1: vaults_mumra_chevron_long, nicolae_vaults_storage_closets_3,
          vaults_dpeg_ring, nicolae_vaults_tetromino_Z_2,
          hangedman_vaults_capsules, nicolae_vaults_network_barrier,
          st_octagons_2, hangedman_vaults_maws, nicolae_vaults_stepped_doors,
          nicolae_vaults_offset_grid_hallway_2, nicolae_vaults_tetromino_T_2,
          v_rooms_5, layout_vaults_maze_bifur, serial_shops, nicolae_shop_trees
Vaults:2: vaults_room_stairs_pillars, vaults_room_semicircle, vaults_dpeg_hooks,
          minmay_crypt_entry_simple_round, hangedman_vaults_restitches,
          vaults_standard_mumra_lines, vaults_room_corners,
          nicolae_vaults_double_plus_1, nicolae_vaults_wine_cellar,
          nicolae_vaults_double_plus_1, layout_vaults_omnigrid
Vaults:3: v_misc_9, nicolae_vaults_taking_the_gang_shopping, v_misc_4,
          ontoclasm_vaults_gateway, nicolae_vaults_windows_and_doors_thing,
          nicolae_vaults_trapezoid_2, nicolae_vaults_heart-shaped_vault,
          ontoclasm_vaults_shuriken, vaults_dpeg_cross, v_alt_pattern_2,
          vaults_dpeg_doors, nicolae_vaults_octagons, ontoclasm_vaults_fault,
          nicolae_vaults_two_Ls, vaults_dpeg_emergency_exit, layout_vaults_ring
Vaults:4: hangedman_vaults_slice, nicolae_vaults_more_shelving_1,
          vaults_room_ringed_pool, nicolae_vaults_diamond_1, vaults_mumra_lcd,
          nicolae_vaults_security_offices_4, hangedman_vaults_stagger,
          nicolae_vaults_angled_halls, ontoclasm_vaults_eye,
          layout_vaults_big_room
Vaults:5
Depths:1: minmay_the_grid_square_5x5_5x5
          [minmay_the_grid_square_5x5_almost_minimal,
          minmay_the_grid_square_5x5_longway, minmay_the_grid_square_5x5_comb,
          minmay_the_grid_square_5x5_eight_small,
          minmay_the_grid_square_5x5_inverted_slash,
          minmay_the_grid_square_5x5_shrine2,
          minmay_the_grid_square_5x5_prize_junk,
          minmay_the_grid_square_5x5_spiral,
          minmay_the_grid_square_5x5_prize_monsterx,
          minmay_the_grid_square_5x5_bite, minmay_the_grid_square_5x5_minivault,
          minmay_the_grid_square_5x5_gyroscope,
          minmay_the_grid_square_5x5_prize_gold,
          minmay_the_grid_square_5x5_two_walls_a,
          minmay_the_grid_square_5x5_three_small,
          minmay_the_grid_square_5x5_lines,
          minmay_the_grid_square_5x5_prize_rear_guard,
          minmay_the_grid_square_5x5_c, minmay_the_grid_square_5x5_prize_waves,
          minmay_the_grid_square_5x5_v, minmay_the_grid_square_5x5_shrine1,
          minmay_the_grid_square_5x5_seven,
          minmay_the_grid_square_5x5_hollow_slash,
          minmay_the_grid_square_5x5_empty,
          minmay_the_grid_square_5x5_tetrominoes], layout_cave_pools,
          serial_shops, nicolae_shop_advertising_works
          [nicolae_subvault_shop_adworks], hell_entry,
          chequers_serial_rivers_marsh, okawaru_trees_1
Depths:2: abrahamwl_protected_by_tso_3, layout_cave_shapes,
          rand_demon_pan_entry_3, lightli_too_deep, nicolae_vehumet_radiance,
          serial_bayou_shore_b, grunt_megastairs_3
Depths:3: evilmike_iron_armoury, layout_gridville, enter_ziggurat_e,
          abyss_entry, trog_three_pillars_becter, hell_entry
Depths:4: grunt_crosshair, layout_gridlike, abyss_entry_crystal,
          grunt_decor_cap, hell_entry, uniq_parghit
Hell
Coc:1:    layout_ice_bergs
Coc:2:    layout_ice_bergs
Coc:3:    layout_cocytus_water_paths

Skill      XL: |  1  2  3  4  5  6  7  8  9 10 11 12 13 14 15 16 17 18 19 20 21 22 23 24 25 26 |
---------------+-------------------------------------------------------------------------------+-----
Maces & Flails | 2 3 4 5 6 7 8 9 10 11 12 13 14 15 16 | 16.3
Shields        | 3 4 5 7 9 10 11 12 13 14 15 | 15.4
Fighting       | 3 4 5 6 7 8 9 10 11 12 13 14 15 16 17 18 | 18.6
Stealth        | 1 3 4 5 6 7 |  7.2
Throwing       | 2 4 6 11 | 11.8
Spellcasting   | 2 4 6 7 8 10 12 13 14 16 | 16.3
Transmutations | 2 4 5 6 8 9 11 | 11.7
Dodging        | 1 3 4 5 7 8 10 11 13 14 | 14.6
Poison Magic   | 2 4 7 8 10 | 10.4
Fire Magic     | 3 4 5 |  5.0
Air Magic      | 4 6 |  6.6
Armour         | 4 6 8 9 10 11 12 14 | 14.3
Evocations     | 4 5 6 8 |  8.5
Hexes          | 4 6 7 8 |  8.7
Translocations | 3 4 |  4.2

Action                     |  1- 3 |  4- 6 |  7- 9 | 10-12 | 13-15 | 16-18 | 19-21 | 22-24 | 25-27 || total
---------------------------+-------+-------+-------+-------+-------+-------+-------+-------+-------++-------
  Melee: Flail             |    44 |     6 |       |       |       |       |       |       |       ||    50
         Bite              |    10 |    15 |    77 |   229 |   366 |   298 |   608 |   524 |   786 ||  2913
         Whip              |       |    66 |   248 |   662 |   947 |   852 |  1187 |   107 |       ||  4069
         Eveningstar       |       |       |       |       |       |       |   280 |   922 |   211 ||  1413
         Demon whip        |       |       |       |       |       |       |       |       |  1430 ||  1430
  Throw: Boomerang         |       |       |     9 |       |       |       |     2 |       |       ||    11
         Dart              |       |       |     3 |     3 |       |       |     1 |       |     2 ||     9
         Javelin           |       |       |       |       |       |       |       |       |     4 ||     4
   Cast: Wereblood         |       |       |       |     8 |     4 |     1 |     8 |    10 |    10 ||    41
         Olgreb's Toxic Ra |       |       |       |       |    56 |    52 |   114 |    27 |    27 ||   276
         Ignite Poison     |       |       |       |       |    37 |    33 |    71 |    13 |     7 ||   161
         Mephitic Cloud    |       |       |       |       |       |       |     1 |       |       ||     1
         Vhi's Electric Ch |       |       |       |       |       |       |       |     1 |       ||     1
         Alistair's Intoxi |       |       |       |       |       |       |       |       |     3 ||     3
         Yara's Violent Un |       |       |       |       |       |       |       |       |     2 ||     2
 Invoke: Serpent's Lash    |       |       |       |     6 |    16 |    16 |    22 |    12 |    17 ||    89
         Heavenly Storm    |       |       |       |     1 |     1 |     3 |     3 |     1 |     6 ||    15
Ability: Lunge             |       |     6 |    29 |    42 |    54 |    53 |    90 |   118 |    97 ||   489
         Whirlwind         |       |       |     3 |   174 |   396 |   370 |   678 |   572 |   797 ||  2990
         Wall Jump         |       |       |       |       |     1 |     1 |     2 |       |     2 ||     6
  Evoke: Wand              |       |       |       |       |     5 |     5 |     3 |     1 |       ||    14
         Phantom mirror    |       |       |       |       |       |     1 |       |       |       ||     1
    Use: Scroll            |       |     7 |     5 |    10 |     9 |     6 |     4 |     7 |    17 ||    65
         Potion            |       |       |     4 |     1 |     3 |     2 |     4 |     1 |       ||    15
   Stab: Sleeping          |     1 |     5 |    17 |     9 |    24 |     3 |     6 |     5 |     7 ||    77
         Distracted        |       |       |     2 |     1 |     1 |     1 |     3 |    11 |       ||    19
         Invisible         |       |       |     1 |     2 |     2 |       |       |     1 |       ||     6
         Fleeing           |       |       |       |     1 |       |       |       |       |       ||     1
         Petrified         |       |       |       |       |       |       |    12 |       |       ||    12
         Petrifying        |       |       |       |       |       |       |     2 |       |       ||     2
 Armour: Scale mail        |     5 |       |       |       |       |       |       |       |       ||     5
         Troll leather arm |     2 |    21 |    17 |       |       |       |       |       |       ||    40
         Ring mail         |       |       |    37 |   100 |   112 |       |       |       |       ||   249
         Chain mail        |       |       |       |   100 |   109 |   195 |   460 |   254 |   104 ||  1222
         Storm dragon scal |       |       |       |       |       |       |       |       |   208 ||   208
  Dodge: Dodged            |    22 |    33 |    75 |   181 |   229 |   173 |   434 |   286 |   481 ||  1914
         Repelled          |       |       |       |       |     9 |    18 |    13 |     8 |    19 ||    67
  Block: Buckler           |     7 |    23 |    43 |   106 |   178 |    39 |       |       |       ||   396
         Kite shield       |       |       |       |       |       |   184 |   657 |   466 |   623 ||  1930
         Reflection        |       |       |       |       |       |    14 |    47 |    37 |    18 ||   116

Table legend: (Time is in decaauts)
 A = Elapsed time spent in this place.
 B = Non-inter-level travel time spent in this place.
 C = Inter-level travel time spent in this place.
 D = Time resting spent in this place.
 E = Time spent auto-exploring this place.
 F = Levels seen in this place.
 G = Mean time per level.
                   A        B        C        D        E       F      G
               +--------+--------+--------+--------+--------+-----+--------+
         Total |  49539 |  44663 |   4876 |   3517 |  26710 |  56 |  884.6 |
       Dungeon |  14048 |  12069 |   1979 |    526 |   8767 |  15 |  936.5 |
        Temple |    204 |    194 |     10 |      0 |    108 |   1 |  204.0 |
          Lair |   6221 |   5139 |   1082 |     20 |   3897 |   5 | 1244.2 |
        Shoals |   4429 |   4297 |    132 |    712 |   1928 |   4 | 1107.2 |
   Spider Nest |   4929 |   4489 |    440 |   1022 |   2484 |   4 | 1232.2 |
    Slime Pits |   1113 |   1075 |     38 |    100 |    155 |   5 |  222.6 |
  Orcish Mines |   2271 |   1781 |    490 |    113 |   1254 |   2 | 1135.5 |
   Elven Halls |   3843 |   3659 |    184 |    342 |   2057 |   3 | 1281.0 |
        Vaults |   5790 |   5552 |    238 |    242 |   3162 |   5 | 1158.0 |
        Depths |   3923 |   3677 |    246 |     91 |   2174 |   4 |  980.8 |
          Hell |    598 |    566 |     32 |    100 |    238 |   1 |  598.0 |
       Cocytus |    485 |    485 |      0 |      0 |    125 |   3 |  161.7 |
         Abyss |      4 |      4 |      0 |      0 |      0 |   1 |    4.0 |
        Bailey |     50 |     50 |      0 |      0 |      2 |   1 |   50.0 |
      Ice Cave |   1043 |   1043 |      0 |    100 |    358 |   1 | 1043.0 |
      Gauntlet |    580 |    580 |      0 |    147 |      0 |   1 |  580.0 |
               +--------+--------+--------+--------+--------+-----+--------+

Top non-repeatable levels by time:
   Orc:2: 1782 daAuts
Spider:1: 1677 daAuts
   Elf:2: 1622 daAuts
  Lair:1: 1471 daAuts
Shoals:4: 1447 daAuts
  Lair:3: 1442 daAuts
     D:8: 1343 daAuts
    D:10: 1285 daAuts
Vaults:1: 1269 daAuts
Spider:2: 1264 daAuts
     D:6: 1221 daAuts
   Elf:3: 1219 daAuts
Vaults:5: 1214 daAuts
     D:9: 1213 daAuts
Shoals:1: 1209 daAuts
